 Dungeon Crawl Stone Soup version 0.29.1-1-gd02db6906a (webtiles) character file.

Game seed: 469195552526443197

461 GigaChad the Trooper (level 6, -6/52 HPs)
             Began as a Demonspawn Berserker on Sept 19, 2022.
             Was a Priest of Trog.
             Mangled by an ogre
             ... wielding a +0 giant spiked club
              (20 damage)
             ... on level 4 of the Dungeon.
             The game lasted 00:08:26 (3986 turns).

GigaChad the Trooper (Demonspawn Berserker)         Turns: 3986, Time: 00:08:27

Health: -6/52      AC: 14    Str: 18    XL:     6   Next: 79%
Magic:  6/6        EV: 10    Int: 10    God:    Trog [***...]
Gold:   284        SH:  0    Dex: 16    Spells: 5/5 levels left

rFire   . . .      SeeInvis .   a - +0 falchion
rCold   . . .      Faith    +   (no shield)
rNeg    . . .      Spirit   .   k - +6 scale mail of Toolakho {Dex+4}
rPois   .          Reflect  .   (no helmet)
rElec   .          Harm     .   r - +1 cloak
rCorr   .          Rampage  .   (no gloves)
Will    .....                   (no boots)
Stlth   ..........              t - amulet of faith
HPRegen 0.17/turn               (no ring)
MPRegen 0.10/turn               (no ring)

@: no status effects
A: powered by death 1, powered by pain 1
a: Renounce Religion, Berserk, Trog's Hand


You were on level 4 of the Dungeon.
You worshipped Trog.
Trog was most pleased with you.
You visited 1 branch of the dungeon, and saw 4 of its levels.

You collected 284 gold pieces.

Inventory:

Hand Weapons
 a - a +0 falchion (weapon)
 p - a +0 scythe
Armour
 b - a +0 animal skin
 g - a +0 scale mail
 k - the +6 scale mail of Toolakho (worn) {Dex+4}
   (You found it on level 2 of the Dungeon)

   Dex:       It affects your dexterity (+4).
 r - a +1 cloak (worn)
Jewellery
 t - an amulet of faith (around neck)
Scrolls
 h - 2 scrolls of identify {unknown}
 j - 2 scrolls of noise {unknown}
 l - 3 scrolls of teleportation {unknown}
 m - a scroll of amnesia {unknown}
 o - a scroll of poison {unknown}
 q - a scroll of enchant weapon {unknown}
 u - a scroll of blinking
 v - a scroll of enchant armour {unknown}
Potions
 c - a potion of flight {unknown}
 d - a potion of lignification {unknown}
 e - a potion of ambrosia {unknown}
 f - a potion of mutation {unknown}
 i - a potion of heal wounds {unknown}
 n - a potion of might {unknown}
 s - a potion of attraction {unknown}


   Skills:
 + Level 5.9 Fighting
 - Level 4.4 Long Blades
 - Level 2.7 Armour
 - Level 2.5 Dodging


You had 5 spell levels left.
You didn't know any spells.
Your spell library was empty.

Dungeon Overview and Level Annotations

Branches:
Dungeon (4/15)
 Temple: D:4-7

Altars:
Ashenzari
Dithmenos
Qazlal
Wu Jian


Innate Abilities, Weirdness & Mutations

You regenerate a little health from kills.
You sometimes gain a little power by taking damage.


Message History

Moving in this stuff is going to be slow.
You now have 266 gold pieces (gained 17).
Found 18 gold pieces.
You now have 284 gold pieces (gained 18).
j - 2 scrolls labelled VIUR CUEFOVEP (gained 1)
An ogre comes into view. It is wielding a +0 giant spiked club.
An ogre is nearby!
An ogre is nearby!
You hit the ogre.
The ogre is lightly wounded.
The ogre barely misses you.
You barely miss the ogre.
The ogre is lightly wounded.
The ogre barely misses you.
You closely miss the ogre.
The ogre is lightly wounded.
You hit the ogre.
The ogre is lightly wounded.
The ogre hits you with a +0 giant spiked club!
You hit the ogre but do no damage.
The ogre is lightly wounded.
The ogre hits you with a +0 giant spiked club!
You barely miss the ogre.
The ogre is lightly wounded.
The ogre barely misses you.
You hit the ogre.
The ogre is moderately wounded.
You hit the ogre but do no damage.
The ogre is moderately wounded.
The ogre barely misses you.
You slash the ogre!
The ogre is heavily wounded.
The ogre hits you with a +0 giant spiked club!
* * * LOW HITPOINT WARNING * * *
You hit the ogre.
The ogre is severely wounded.
You hit the ogre.
The ogre is severely wounded.
The ogre hits you with a +0 giant spiked club!!
You die...

..# ..# ### .#
..## ..# .# ...#
#.# .# ...# ...
.# ##.# #.##.# #
#.# #.#..##.#.#
#.#
#######.#O......#
#.# #........@.#
#.# #.##########
#.# #.# #.# #.#
#.# #.# #.#####.#
#.......#
#########


You could see an ogre.

Vanquished Creatures
  Sigmund (D:3)
  2 kobold brigands (D:3)
  A jelly (D:4)
  5 adders
  A dart slug (D:2)
  6 orcs (D:3)
  4 endoplasms
  7 giant cockroaches
  8 goblins
  7 hobgoblins
  2 jackals (D:3)
  7 quokkas
  8 ball pythons
  8 bats
  3 frilled lizards
  12 kobolds
  4 rats
86 creatures vanquished.

Notes
Turn   | Place    | Note
-------+----------+-------------------------------------------
     0 | D:1      | GigaChad the Demonspawn Berserker began the quest for the
                  | Orb.
     0 | D:1      | Reached XP level 1. HP: 18/18 MP: 1/1
   455 | D:1      | Gained mutation: You regenerate a little health from kills.
                  | [demonic ancestry]
   455 | D:1      | Reached XP level 2. HP: 22/24 MP: 2/2
  1276 | D:2      | Identified the +6 scale mail of Toolakho {Dex+4}
  1286 | D:2      | Reached ** piety under Trog
  1375 | D:2      | Found a faded altar of an unknown god.
  1394 | D:2      | Reached XP level 3. HP: 26/29 MP: 3/3
  1908 | D:3      | Found a stormy altar of Qazlal.
  1936 | D:3      | Noticed Sigmund
  1952 | D:3      | Killed Sigmund
  1953 | D:3      | Reached XP level 4. HP: 27/37 MP: 4/4
  1953 | D:3      | Reached XP level 5. HP: 31/42 MP: 5/5
  2064 | D:3      | Found a shadowy altar of Dithmenos.
  2272 | D:3      | Found a broken altar of Ashenzari.
  2382 | D:3      | Reached skill level 4 in Fighting
  2497 | D:3      | Gained mutation: You sometimes gain a little power by
                  | taking damage. [demonic ancestry]
  2497 | D:3      | Reached XP level 6. HP: 29/50 MP: 6/6
  2571 | D:3      | Reached skill level 5 in Fighting
  2931 | D:3      | Found an ornate altar of the Wu Jian Council.
  3249 | D:4      | Reached *** piety under Trog
  3986 | D:4      | Mangled by an ogre

Illustrated notes

Levels and vault maps discovered:
D:1:      minmay_arrival_shattered_statue, layout_loops_ring,
          minmay_misc_feat_alley
D:2:      layout_loops_cross, ebering_ecumenical_altar_box,
          minmay_misc_feat_four_crosses, minmay_tiny_reverse_x
D:3:      cheibrodos_thug_alley, layout_loops_ring, nzn_wu_jian_council_hall,
          mainiacjoe_overflow_concentric_impassable,
          cheibrodos_ashenzari_chains, grunt_dithmenos_smoke_and_mirrors,
          lemuel_flame_loot_1, uniq_sigmund
D:4:      layout_basic, portal_sewer_entry_f

Skill      XL: |  1  2  3  4  5  6 |
---------------+-------------------+-----
Long Blades    | 3 4 |  4.4
Dodging        | 2 |  2.5
Armour         | 2 |  2.7
Fighting       | 4 5 |  5.9

Action                   |  1- 3 |  4- 6 || total
-------------------------+-------+-------++-------
Melee: Falchion          |   137 |   203 ||   340
       Punch             |       |     1 ||     1
  Use: Scroll            |     1 |       ||     1
Armor: Animal skin       |    27 |       ||    27
       Scale mail        |    49 |   180 ||   229
Dodge: Dodged            |   118 |   181 ||   299
